 Dungeon Crawl Stone Soup version 0.27-a0-1202-ge72e49191c (webtiles) character file.

Game seed: 13198971975735460308

2751 LatOm the Destroyer (level 9, -6/45 HPs)
             Began as a Deep Elf Conjurer on June 2, 2021.
             Was an Elder of Wu Jian.
             Mangled by a two-headed ogre
             ... wielding a +0 giant club
              (20 damage)
             ... on level 8 of the Dungeon on June 3, 2021.
             The game lasted 00:38:16 (9654 turns).

LatOm the Destroyer (Deep Elf Conjurer)             Turns: 9654, Time: 00:38:18

Health: -6/45      AC:  3    Str:  4    XL:     9   Next: 41%
Magic:  16/23      EV: 13    Int: 26    God:    Wu Jian [****..]
Gold:   294        SH:  0    Dex: 20    Spells: 9/24 levels left

rFire    . . .     SeeInvis .   g - staff of cold
rCold    + . .     Faith    .   (no shield)
rNeg     . . .     Spirit   .   a - +0 robe
rPois    .         Reflect  .   h - +0 helmet
rElec    .         Harm     .   (no cloak)
rCorr    .         Rampage  .   (no gloves)
Will     .....                  (no boots)
Stlth    ++++......             (no amulet)
HPRegen  0.15/turn              j - +6 ring of dexterity
MPRegen  0.18/turn              (no ring)

@: lethally poisoned (-6 -> -11), slowed, very slow
A: no striking features
a: Renounce Religion, Wall Jump, Serpent's Lash


You were on level 8 of the Dungeon.
You worshipped Wu Jian.
Wu Jian was greatly pleased with you.
You visited 1 branch of the dungeon, and saw 8 of its levels.
You also visited: Sewer.

You collected 294 gold pieces.

Inventory:

Missiles
 q - a curare-tipped dart
Armour
 a - a +0 robe (worn)
 h - a +0 helmet (worn)
Magical Staves
 g - a staff of cold (weapon)
Jewellery
 j - a +6 ring of dexterity (left hand)
Wands
 e - a wand of acid (10)
 v - a wand of flame (19)
 y - a wand of charming (9)
Scrolls
 f - 2 scrolls of amnesia {unknown}
 i - a scroll of acquirement {unknown}
 r - 2 scrolls of blinking {unknown}
 s - a scroll of enchant weapon {unknown}
 t - 3 scrolls of fog
 u - 2 scrolls of enchant armour {unknown}
 B - a scroll of identify
Potions
 b - 3 potions of lignification
 c - a potion of cancellation
 d - 2 potions of brilliance
 k - 2 potions of attraction {unknown}
 l - 2 potions of invisibility
 m - 2 potions of degeneration {unknown}
 n - a potion of heal wounds {unknown}
 o - 3 potions of might {unknown}
 p - a potion of magic {unknown}
 w - a potion of haste {unknown}
 x - a potion of curing {unknown}
 z - a potion of ambrosia {unknown}
 A - a potion of mutation {unknown}


   Skills:
 - Level 2.4 Dodging
 + Level 7.9 Stealth
 + Level 8.1 Spellcasting
 * Level 10.0 Conjurations
 + Level 7.4 Hexes


You had 9 spell levels left.
You knew the following spells:

 Your Spells              Type           Power      Damage    Failure   Level
a - Magic Dart            Conj           100%       1d8       1%          1
b - Searing Ray           Conj           100%       3d7       1%          2
c - Corona                Hex            54%        N/A       1%          1
d - Dazzling Flash        Conj/Hex       100%       N/A       1%          3
e - Fulminant Prism       Conj/Hex       27%        3d14      1%          4
f - Iskenderun's Mystic   Conj/Tloc      36%        2d9       7%          4

Your spell library contained the following spells:

 Spells                   Type           Power      Damage    Failure   Level
 Animate Skeleton         Necr           20%        N/A       5%          1
 Apportation              Tloc           20%        N/A       5%          1
 Summon Small Mammal      Summ           40%        N/A       5%          1


Dungeon Overview and Level Annotations

Branches:
Dungeon (8/15)             Temple (0/1) D:6           Sewer (visited)
   Lair: D:8-11

Altars:
Ashenzari
Dithmenos
Elyvilon
Fedhas
Gozag
Kikubaaqudgha
Qazlal
Ru
Vehumet
Wu Jian
Xom
Yredelemnul
Zin


Message History

A two-headed ogre comes into view. It is wielding two +0 giant clubs.
Aiming: Magic Dart (safe; 1% risk of failure)
Press: ? - help, Q - select action, (/) - cycle Shift-Dir - straight line, f/p - hornet
Aim: a hornet (lightly wounded, 100% to hit)
The magic dart hits the hornet.
The hornet is moderately wounded.
The two-headed ogre shouts in stereo!
You hear a shout! x3
Aiming: Magic Dart (safe; 1% risk of failure)
Press: ? - help, Q - select action, (/) - cycle Shift-Dir - straight line, f/p - hornet
Aim: a hornet (lightly wounded, 100% to hit)
The magic dart hits the hornet but does no damage.
The hornet is lightly wounded.
Casting: Magic Dart (safe; 1% risk of failure)
Confirm with . or Enter, or press ? or * to list all spells.
Aiming: Searing Ray (safe; 1% risk of failure)
Press: ? - help, Shift-Dir - straight line, f/p - hornet
Aim: a hornet (lightly wounded, 74% to hit)
The searing ray hits the hornet!
The hornet is moderately wounded. (Press . to maintain the ray.)
The hornet stings you!
You feel yourself slow down.
The searing ray hits the hornet!
The hornet is severely wounded.
You feel yourself speed up. The hornet stings you!
You feel yourself slow down. The hornet stings you!
You are poisoned.
You feel as though you will be slow longer.
The searing ray hits the hornet!
The hornet is almost dead.
You feel very sick. The hornet misses you.
The hornet stings you but does no damage.
The searing ray hits the hornet!
You kill the hornet!
The Council accepts your kill.
The searing ray misses the two-headed ogre.
You finish channeling your searing ray.
You feel sick.
The two-headed ogre hits you with a +0 giant club!!
You die...

#...........>...
.........#####.#
#.######.# .
#........#
#.######.###
#...# #.#.#
#.#.# #@# # #O#
).. ##.#. #)#<#
... . ... .. ...
.#


You could see a two-headed ogre.

Vanquished Creatures
  A hornet (D:8)
  A wyvern (D:7)
  2 orc warriors (D:7)
  A water moccasin (D:6)
  A black bear (D:6)
  A sky beast (D:7)
  2 ogres (D:5)
  2 centaurs (D:7)
  6 kobold brigands
  A gnoll sergeant (D:8)
  A bullfrog (D:7)
  2 scorpions
  A water moccasin zombie (D:7)
  A wyvern skeleton (D:7)
  2 water moccasin skeletons
  A howler monkey (D:5)
  A jelly (D:4)
  5 hounds
  2 orc priests
  A bullfrog skeleton (D:6)
  A centaur skeleton (D:4)
  4 iguanas
  3 orc wizards (D:7)
  A killer bee zombie (D:7)
  A hound zombie (D:5)
  12 gnolls
  11 adders
  2 river rats (Sewer)
  A shadow imp (D:6)
  A white imp (D:8)
  An ufetubus (D:4)
  An adder skeleton (D:4)
  4 worms
  2 dart slugs
  22 orcs
  10 ball pythons
  7 endoplasms
  2 giant cockroaches
  7 goblins
  5 hobgoblins
  3 jackals (D:1)
  2 quokkas
  4 bats
  5 frilled lizards
  A goblin zombie (D:5)
  12 kobolds
  12 rats
  A rat zombie (D:5)
173 creatures vanquished.

Vanquished Creatures (others)
  2 fulminant prisms
  A plant (D:4)
3 creatures vanquished.

Grand Total: 176 creatures vanquished

Notes
Turn   | Place    | Note
-------+----------+-------------------------------------------
     0 | D:1      | LatOm the Deep Elf Conjurer began the quest for the Orb.
     0 | D:1      | Reached XP level 1. HP: 10/10 MP: 6/6
   391 | D:1      | Reached XP level 2. HP: 15/15 MP: 6/8
   525 | D:1      | Reached skill level 1 in Hexes
   677 | D:1      | Found a faded altar of an unknown god.
   682 | D:1      | Became a worshipper of the Wu Jian Council
   682 | D:1      | Reached * piety under Wu Jian
   966 | D:2      | Learned a level 2 spell: Searing Ray
  1054 | D:2      | Reached XP level 3. HP: 19/19 MP: 6/9
  1191 | D:2      | Reached skill level 5 in Conjurations
  2162 | D:3      | Reached XP level 4. HP: 20/24 MP: 6/11
  2533 | D:3      | You fall into a shaft and drop 3 floors!
  2644 | D:6      | Identified the +3 leather armour of Grot {rF- Int+3 Dex+5}
  2649 | D:6      | Noticed a kobold brigand
  2676 | D:5      | Entered Level 5 of the Dungeon
  2693 | D:4      | Found a sacrificial altar of Ru.
  2828 | D:3      | Reached XP level 5. HP: 28/28 MP: 9/13
  3119 | D:4      | Reached ** piety under Wu Jian
  3164 | D:4      | Found a stormy altar of Qazlal.
  3166 | D:4      | Found an opulent altar of Gozag.
  3166 | D:4      | Found a shadowy altar of Dithmenos.
  3166 | D:4      | Found a radiant altar of Vehumet.
  3166 | D:4      | Found a white marble altar of Elyvilon.
  3166 | D:4      | Found a blossoming altar of Fedhas.
  3201 | D:4      | Learned a level 1 spell: Corona
  3205 | D:4      | Learned a level 3 spell: Dazzling Flash
  3311 | D:4      | Found a glowing drain.
  3328 | Sewer    | Entered a sewer
  3545 | Sewer    | Reached skill level 6 in Conjurations
  3545 | Sewer    | Reached XP level 6. HP: 26/32 MP: 6/14
  3909 | Sewer    | Reached skill level 5 in Spellcasting
  4115 | Sewer    | Reached XP level 7. HP: 36/36 MP: 9/16
  4299 | Sewer    | Reached skill level 5 in Stealth
  4645 | D:4      | Reached skill level 7 in Conjurations
  5278 | D:4      | Reached *** piety under Wu Jian
  5330 | D:4      | Found a basalt altar of Yredelemnul.
  5636 | D:5      | Reached skill level 5 in Hexes
  5946 | D:5      | Found an ancient bone altar of Kikubaaqudgha.
  5958 | D:5      | Reached XP level 8. HP: 41/41 MP: 14/19
  6195 | D:5      | Found a broken altar of Ashenzari.
  6224 | D:5      | Reached skill level 8 in Conjurations
  7264 | D:6      | Found a staircase to the Ecumenical Temple.
  7453 | D:6      | Reached skill level 9 in Conjurations
  7791 | D:7      | Reached XP level 9. HP: 20/45 MP: 9/22
  8146 | D:7      | Found a glowing silver altar of Zin.
  8149 | D:7      | Noticed an angel
  8156 | D:7      | Found a shimmering altar of Xom.
  8171 | D:7      | Reached **** piety under Wu Jian
  8765 | D:7      | Learned a level 4 spell: Fulminant Prism
  8770 | D:7      | Learned a level 4 spell: Iskenderun's Mystic Blast
  9628 | D:8      | Reached skill level 10 in Conjurations
  9648 | D:8      | Noticed a two-headed ogre
  9654 | D:8      | Mangled by a two-headed ogre

Illustrated notes

Levels and vault maps discovered:
D:1:      dpeg_arrival_lava_temple_mockup, layout_loops_cross,
          ebering_ecumenical_altar_hall
D:2:      wander_river, layout_loops_ring
D:3:      layout_loops_ring, minmay_strange_pillars
D:4:      layout_cave_pools, grunt_temple_overflow_open, kennysheep_mini,
          cheibrodos_sewer_entry_drain, minmay_misc_feat_tower,
          grunt_ministairs_11, serial_bayou_lagoon_b
D:5:      layout_basic, ashenzari_altar_1, marbit_many_paths, enter_ossuary_4
D:6:      layout_loops_ring, minmay_temple_entry_statues_fountains,
          minmay_microvault
D:7:      layout_basic, grunt_temple_overflow_order_and_chaos_1
D:8:      layout_loops_ring, okawaru_gym_becter, serial_ice, serial_ice_e,
          serial_ice_b, serial_ice_h, serial_ice_m

Skill      XL: |  1  2  3  4  5  6  7  8  9 |
---------------+----------------------------+-----
Hexes          | 1 2 3 4 5 6 7 |  7.4
Stealth        | 3 4 6 7 |  7.9
Conjurations   | 5 6 7 9 10 | 10.0
Spellcasting   | 4 5 6 7 8 |  8.1
Dodging        | |  2.4

Action                   |  1- 3 |  4- 6 |  7- 9 || total
-------------------------+-------+-------+-------++-------
 Cast: Magic Dart        |    60 |    78 |   188 ||   326
       Searing Ray       |       |    10 |    45 ||    55
       Corona            |       |     1 |     2 ||     3
       Dazzling Flash    |       |       |     1 ||     1
       Fulminant Prism   |       |       |     2 ||     2
       Iskenderun's Myst |       |       |     1 ||     1
  Use: Scroll            |     5 |     1 |     4 ||    10
Armor: Robe              |     1 |     1 |     7 ||     9
Dodge: Dodged            |     6 |    10 |    25 ||    41

Table legend: (Time is in decaauts)
 A = Elapsed time spent in this place.
 B = Non-inter-level travel time spent in this place.
 C = Inter-level travel time spent in this place.
 D = Time resting spent in this place.
 E = Time spent auto-exploring this place.
 F = Levels seen in this place.
 G = Mean time per level.
                   A        B        C        D        E       F      G
               +--------+--------+--------+--------+--------+-----+--------+
         Total |   9848 |   9694 |    154 |    349 |   8391 |   9 | 1094.2 |
       Dungeon |   8553 |   8399 |    154 |    308 |   7291 |   8 | 1069.1 |
         Sewer |   1295 |   1295 |      0 |     41 |   1100 |   1 | 1295.0 |
               +--------+--------+--------+--------+--------+-----+--------+

Top non-repeatable levels by time:
     D:7: 1520 daAuts
   Sewer: 1295 daAuts
     D:5: 1196 daAuts
     D:4: 1175 daAuts
     D:6: 1135 daAuts
     D:2: 1099 daAuts
     D:1: 940 daAuts
     D:3: 940 daAuts
     D:8: 546 daAuts
